TOP OF THE 1ST |
San Francisco Bandits batting - Pitching for Irvine Gang Green : RHP Takehide Ono
|
Pitching: RHP Takehide Ono
|
|
Batting: RHB Pete Rideout
|
0-0: Foul Ball, location: 2F 0-1: Foul Ball, location: 2F 0-2: Ball 1-2: Ball 2-2: Ball 3-2: Strikes out looking
|
Batting: LHB Jerry Bryan
|
0-0: Foul Ball, location: 2F 0-1: Ball 1-1: Swinging Strike 1-2: Ball 2-2: Foul Ball, location: 2F 2-2: Strikes out swinging
|
Batting: RHB Michael Elliott
|
0-0: Called Strike 0-1: Called Strike 0-2: Strikes out swinging
|
Top of the 1st over - 0 run(s), 0 hit(s), 0 error(s), 0 left on base; San Francisco 0 - Irvine 0 |
BOTTOM OF THE 1ST |
Irvine Gang Green batting - Pitching for San Francisco Bandits : RHP Kunihiko Daikawa
|
Pitching: RHP Kunihiko Daikawa
|
|
Batting: LHB Jesús Campos
|
0-0: Swinging Strike 0-1: Ball 1-1: SINGLE (Line Drive, 8RS)
|
Batting: LHB Tom Baker
|
0-0: Called Strike 0-1: Ball 1-1: Ball 2-1: Foul Ball, location: 2F 2-2: Ground out 3-1 (Groundball, 34) Jesús Campos to second
|
Batting: RHB Aaron Wilson
|
0-0: Ball 1-0: Called Strike Jesús Campos steals 3rd base 1-1: Called Strike 1-2: Fly out, F5 (Popup, 56S)
|
Batting: LHB Víctor Quiñones
|
0-0: Foul Ball, location: 2F 0-1: Foul Ball, location: 2F 0-2: Foul Ball, location: 2F 0-2: Ball 1-2: Ground out U3 (Groundball, 3)
|
Bottom of the 1st over - 0 run(s), 1 hit(s), 0 error(s), 1 left on base; San Francisco 0 - Irvine 0 |
TOP OF THE 2ND |
San Francisco Bandits batting - Pitching for Irvine Gang Green : RHP Takehide Ono
|
Batting: LHB Francisco Calderón
|
0-0: Swinging Strike 0-1: Ball 1-1: Ball 2-1: Swinging Strike 2-2: Foul Ball, location: 2F 2-2: Strikes out swinging
|
Batting: RHB Dale Taylor
|
0-0: Ball 1-0: Swinging Strike 1-1: Swinging Strike 1-2: Ball 2-2: SINGLE (Groundball, 5)
|
Batting: RHB Javier Ramírez
|
0-0: Foul Ball, location: 2F 0-1: Foul Ball, location: 2F 0-2: Foul Ball, location: 2F 0-2: Strikes out swinging
|
Batting: RHB Bob Orr
|
0-0: Called Strike 0-1: Ball 1-1: TRIPLE (Flyball, 89XD) Dale Taylor scores
|
Batting: RHB Emílio Bruno
|
0-0: Called Strike 0-1: Called Strike 0-2: Ball 1-2: Ball 2-2: Strikes out swinging
|
Top of the 2nd over - 1 run(s), 2 hit(s), 0 error(s), 1 left on base; San Francisco 1 - Irvine 0 |
BOTTOM OF THE 2ND |
Irvine Gang Green batting - Pitching for San Francisco Bandits : RHP Kunihiko Daikawa
|
Batting: RHB Buck Jones
|
0-0: Ball 1-0: Ball 2-0: Ball 3-0: Base on Balls
|
Batting: RHB José Salazar
|
0-0: Ball 1-0: Swinging Strike 1-1: Ball 2-1: Swinging Strike 2-2: Foul Ball, location: 2F 2-2: Ground out U3 (Groundball, 3S) Buck Jones to second
|
Batting: LHB Bill Murphy
|
0-0: Called Strike 0-1: DOUBLE (Groundball, 3L) Buck Jones scores
|
Batting: SHB Cristo Ontiveros
|
0-0: Foul Ball, location: 2F 0-1: SINGLE (Line Drive, 56D) Bill Murphy to third Runner from 3rd tries for Home, SAFE, no throw or cutoff
|
Batting: RHB Tom Doherty
|
0-0: Ball 1-0: Swinging Strike 1-1: Swinging Strike 1-2: Grounds into double play, 6-4-3 (Groundball, 6M)
|
Bottom of the 2nd over - 2 run(s), 2 hit(s), 0 error(s), 0 left on base; San Francisco 1 - Irvine 2 |
TOP OF THE 3RD |
San Francisco Bandits batting - Pitching for Irvine Gang Green : RHP Takehide Ono
|
Batting: RHB David Crespo
|
0-0: Swinging Strike 0-1: Called Strike 0-2: Strikes out looking
|
Batting: RHB Pete Rideout
|
0-0: Called Strike 0-1: Fly out, F4 (Popup, 4)
|
Batting: LHB Jerry Bryan
|
0-0: Ball 1-0: SINGLE (Groundball, 25) (infield hit)
|
Batting: RHB Michael Elliott
|
0-0: Fielders Choice at 2nd, U6 (Groundball, 6M)
|
Top of the 3rd over - 0 run(s), 1 hit(s), 0 error(s), 1 left on base; San Francisco 1 - Irvine 2 |
BOTTOM OF THE 3RD |
Irvine Gang Green batting - Pitching for San Francisco Bandits : RHP Kunihiko Daikawa
|
Batting: LHB Jesús Campos
|
0-0: Ball 1-0: Ball 2-0: Foul Ball, location: 2F 2-1: Ball 3-1: Base on Balls
|
Batting: LHB Tom Baker
|
0-0: Ball 1-0: Foul Ball, location: 2F 1-1: Called Strike 1-2: Strikes out swinging
|
Batting: RHB Aaron Wilson
|
0-0: Called Strike 0-1: Ball 1-1: Ball 2-1: Swinging Strike Reached via error on a dropped throw, E1 Jesús Campos to second
|
Batting: LHB Víctor Quiñones
|
0-0: Called Strike 0-1: Foul Ball, location: 2F 0-2: Ball 1-2: Foul Ball, location: 2F 1-2: Ball 2-2: Ball 3-2: Foul Ball, location: 2F 3-2: 3-RUN HOME RUN (Flyball, 89XD), Distance : 432 ft
|
Batting: RHB Buck Jones
|
0-0: Ball 1-0: Ball 2-0: Foul Ball, location: 2F 2-1: Foul Ball, location: 2F 2-2: Ball 3-2: Fly out, F5 (Popup, 15)
|
Batting: RHB José Salazar
|
0-0: Called Strike 0-1: Called Strike 0-2: DOUBLE (Line Drive, 7LS)
|
Batting: LHB Bill Murphy
|
0-0: Ground out U3 (Groundball, 3)
|
Bottom of the 3rd over - 3 run(s), 2 hit(s), 1 error(s), 1 left on base; San Francisco 1 - Irvine 5 |
TOP OF THE 4TH |
San Francisco Bandits batting - Pitching for Irvine Gang Green : RHP Takehide Ono
|
Batting: LHB Francisco Calderón
|
0-0: Called Strike 0-1: Ball 1-1: Foul Ball, location: 2F 1-2: Fly out, F9 (Line Drive, 9LS)
|
Batting: RHB Dale Taylor
|
0-0: Called Strike 0-1: Ball 1-1: Foul Ball, location: 2F 1-2: Ball 2-2: Ball 3-2: Foul Ball, location: 2F 3-2: Strikes out looking
|
Batting: RHB Javier Ramírez
|
0-0: Called Strike 0-1: Ball 1-1: Foul Ball, location: 2F 1-2: Strikes out swinging
|
Top of the 4th over - 0 run(s), 0 hit(s), 0 error(s), 0 left on base; San Francisco 1 - Irvine 5 |
BOTTOM OF THE 4TH |
Irvine Gang Green batting - Pitching for San Francisco Bandits : RHP Kunihiko Daikawa
|
Batting: SHB Cristo Ontiveros
|
0-0: Called Strike 0-1: Called Strike 0-2: Strikes out looking
|
Batting: RHB Tom Doherty
|
0-0: Ball 1-0: Ball 2-0: Called Strike 2-1: Foul Ball, location: 2F 2-2: DOUBLE (Groundball, 5L)
|
Batting: LHB Jesús Campos
|
0-0: Ball 1-0: Ball Wild Pitch! Tom Doherty to third 2-0: Called Strike 2-1: Ball 3-1: Swinging Strike 3-2: Strikes out swinging
|
Batting: LHB Tom Baker
|
0-0: Ball 1-0: Ball 2-0: Ball 3-0: SINGLE (Line Drive, 6D) Tom Doherty scores
|
Batting: RHB Aaron Wilson
|
0-0: Called Strike 0-1: Called Strike 0-2: Ball 1-2: Fly out, F9 (Flyball, 9M)
|
Bottom of the 4th over - 1 run(s), 2 hit(s), 0 error(s), 1 left on base; San Francisco 1 - Irvine 6 |
TOP OF THE 5TH |
San Francisco Bandits batting - Pitching for Irvine Gang Green : RHP Takehide Ono
|
Batting: RHB Bob Orr
|
0-0: Ball 1-0: Foul Ball, location: 2F 1-1: Fly out, F9 (Flyball, 9LM)
|
Batting: RHB Emílio Bruno
|
0-0: Called Strike 0-1: Ball 1-1: Called Strike 1-2: Strikes out swinging
|
Batting: RHB David Crespo
|
0-0: Reached on error, E5 (Groundball, 5)
|
Batting: RHB Pete Rideout
|
0-0: Called Strike 0-1: Ball 1-1: Ground out 6-3 (Groundball, 6M)
|
Top of the 5th over - 0 run(s), 0 hit(s), 1 error(s), 1 left on base; San Francisco 1 - Irvine 6 |
BOTTOM OF THE 5TH |
Irvine Gang Green batting - Pitching for San Francisco Bandits : RHP Kunihiko Daikawa
|
Pitching: RHP Tim Lyons
|
|
Batting: LHB Víctor Quiñones
|
0-0: Ball 1-0: Ball 2-0: Swinging Strike 2-1: Swinging Strike 2-2: Ball 3-2: Base on Balls
|
Batting: RHB Buck Jones
|
0-0: Ball 1-0: DOUBLE (Flyball, 89XD) Víctor Quiñones to third
|
Batting: RHB José Salazar
|
0-0: Called Strike 0-1: Ball 1-1: Ball 2-1: Foul Ball, location: 2F 2-2: Ball 3-2: Base on Balls
|
Batting: LHB Bill Murphy
|
0-0: Ball 1-0: Ball 2-0: Called Strike 2-1: Fly out, F7 (Flyball, 7M) Runner from 3rd tags up, SCORES, throw made
|
Batting: SHB Cristo Ontiveros
|
0-0: Called Strike 0-1: Called Strike 0-2: Ball 1-2: Ball 2-2: Ground out 5-3 (Groundball, 15S) Buck Jones to third José Salazar to second
|
Batting: RHB Tom Doherty
|
0-0: Called Strike 0-1: Foul Ball, location: 2F 0-2: Ball 1-2: SINGLE (Groundball, 56) Buck Jones scores José Salazar to third Runner from 3rd tries for Home, SAFE, no throw or cutoff
|
Pitching: RHP Mal Park
|
|
Batting: LHB Jesús Campos
|
0-0: Ball 1-0: Called Strike 1-1: Called Strike 1-2: Strikes out looking
|
Bottom of the 5th over - 3 run(s), 2 hit(s), 0 error(s), 1 left on base; San Francisco 1 - Irvine 9 |
TOP OF THE 6TH |
San Francisco Bandits batting - Pitching for Irvine Gang Green : RHP Takehide Ono
|
Batting: LHB Jerry Bryan
|
0-0: Ball 1-0: SINGLE (Groundball, 34S)
|
Batting: RHB Michael Elliott
|
0-0: Ball 1-0: Ball 2-0: Called Strike 2-1: Ball 3-1: Base on Balls Jerry Bryan to second
|
Batting: LHB Francisco Calderón
|
0-0: Ball 1-0: Foul Ball, location: 2F 1-1: Ball Wild Pitch! Jerry Bryan to third Michael Elliott to second 2-1: Ball 3-1: Foul Ball, location: 2F 3-2: Base on Balls
|
Batting: RHB Dale Taylor
|
0-0: Called Strike 0-1: Called Strike 0-2: Ball 1-2: Ball 2-2: Foul Ball, location: 2F 2-2: Strikes out swinging
|
Batting: RHB Javier Ramírez
|
0-0: Swinging Strike 0-1: Ball 1-1: Called Strike 1-2: Ball 2-2: Strikes out looking
|
Batting: RHB Bob Orr
|
0-0: Ball 1-0: Ball 2-0: Foul Ball, location: 2F 2-1: Called Strike 2-2: Ball Passed Ball! Jerry Bryan scores Michael Elliott to third Francisco Calderón to second 3-2: Strikes out looking
|
Top of the 6th over - 1 run(s), 1 hit(s), 0 error(s), 2 left on base; San Francisco 2 - Irvine 9 |
BOTTOM OF THE 6TH |
Irvine Gang Green batting - Pitching for San Francisco Bandits : RHP Mal Park
|
Batting: LHB Tom Baker
|
0-0: Fly out, F8 (Flyball, 8RM)
|
Batting: RHB Aaron Wilson
|
0-0: Ball 1-0: Swinging Strike 1-1: Called Strike 1-2: Ball 2-2: Ground out 6-3 (Groundball, 6M)
|
Batting: LHB Víctor Quiñones
|
0-0: Ball 1-0: Ball 2-0: Ball 3-0: Base on Balls
|
Batting: RHB Buck Jones
|
0-0: Ball 1-0: Called Strike 1-1: Fly out, F7 (Flyball, 78D)
|
Bottom of the 6th over - 0 run(s), 0 hit(s), 0 error(s), 1 left on base; San Francisco 2 - Irvine 9 |
TOP OF THE 7TH |
San Francisco Bandits batting - Pitching for Irvine Gang Green : RHP Takehide Ono
|
Pitching: RHP Mike Marrero
|
|
Batting: RHB Emílio Bruno
|
0-0: Ball 1-0: Ball 2-0: Called Strike 2-1: Ball 3-1: Foul Ball, location: 2F 3-2: Ground out U3 (Groundball, 3L)
|
Batting: RHB David Crespo
|
0-0: Ball 1-0: SINGLE (Line Drive, 4D)
|
Batting: RHB Pete Rideout
|
0-0: Ball 1-0: Called Strike 1-1: Grounds into double play, U6-3 (Groundball, 6M)
|
Top of the 7th over - 0 run(s), 1 hit(s), 0 error(s), 0 left on base; San Francisco 2 - Irvine 9 |
BOTTOM OF THE 7TH |
Irvine Gang Green batting - Pitching for San Francisco Bandits : RHP Mal Park
|
Batting: RHB José Salazar
|
0-0: Ball 1-0: Called Strike 1-1: Swinging Strike 1-2: DOUBLE (Groundball, 5L)
|
Batting: LHB Bill Murphy
|
0-0: Called Strike 0-1: Ball 1-1: Ball 2-1: Ball 3-1: Base on Balls
|
Batting: SHB Cristo Ontiveros
|
0-0: Ball 1-0: Sac Bunt - play at third, runner OUT! 3-6 Bill Murphy to second
|
Batting: RHB Tom Doherty
|
0-0: Foul Ball, location: 2F 0-1: Foul Ball, location: 2F 0-2: Ball 1-2: Ball 2-2: Foul Ball, location: 2F 2-2: Foul Ball, location: 2F 2-2: Foul Ball, location: 2F 2-2: Ball 3-2: Foul Ball, location: 2F 3-2: Foul Ball, location: 2F 3-2: Foul Ball, location: 2F 3-2: Foul Ball, location: 2F 3-2: Ground out 4-3 (Groundball, 4M) Bill Murphy to third Cristo Ontiveros to second
|
Batting: LHB Jesús Campos
|
0-0: Foul Ball, location: 2F 0-1: Foul Ball, location: 2F 0-2: Ball 1-2: Fly out, F5 (Popup, 5F)
|
Bottom of the 7th over - 0 run(s), 1 hit(s), 0 error(s), 2 left on base; San Francisco 2 - Irvine 9 |
TOP OF THE 8TH |
San Francisco Bandits batting - Pitching for Irvine Gang Green : RHP Mike Marrero
|
Batting: LHB Jerry Bryan
|
0-0: Ball 1-0: Swinging Strike 1-1: Swinging Strike 1-2: Strikes out swinging
|
Batting: RHB Michael Elliott
|
0-0: Called Strike 0-1: Ball 1-1: Foul Ball, location: 2F 1-2: Ball 2-2: Foul Ball, location: 2F 2-2: Strikes out swinging
|
Batting: LHB Francisco Calderón
|
0-0: Called Strike 0-1: Foul Ball, location: 2F 0-2: Ball 1-2: Fly out, F7 (Flyball, 7S)
|
Top of the 8th over - 0 run(s), 0 hit(s), 0 error(s), 0 left on base; San Francisco 2 - Irvine 9 |
BOTTOM OF THE 8TH |
Irvine Gang Green batting - Pitching for San Francisco Bandits : RHP Mal Park
|
Pitching: RHP Carlos Ruíz
|
|
Batting: LHB Tom Baker
|
0-0: Ball 1-0: TRIPLE (Flyball, 78XD)
|
Batting: RHB Aaron Wilson
|
0-0: Ball 1-0: Ground out 6-3 (Groundball, 6) Tom Baker scores
|
Batting: LHB Víctor Quiñones
|
0-0: Called Strike 0-1: Ball 1-1: Swinging Strike 1-2: Foul Ball, location: 2F 1-2: Ball 2-2: Foul Ball, location: 2F 2-2: Foul Ball, location: 2F 2-2: Strikes out swinging
|
Batting: RHB Buck Jones
|
0-0: Ball 1-0: Ball 2-0: Called Strike 2-1: Fly out, F3 (Popup, 13)
|
Bottom of the 8th over - 1 run(s), 1 hit(s), 0 error(s), 0 left on base; San Francisco 2 - Irvine 10 |
TOP OF THE 9TH |
San Francisco Bandits batting - Pitching for Irvine Gang Green : RHP Mike Marrero
|
Now in LF: Tony Tavárez
|
|
Batting: RHB Dale Taylor
|
0-0: Called Strike 0-1: Foul Ball, location: 2F 0-2: Strikes out swinging
|
Batting: RHB Javier Ramírez
|
0-0: Ball 1-0: Foul Ball, location: 2F 1-1: Called Strike 1-2: Ball 2-2: Ball 3-2: Base on Balls
|
Batting: RHB Bob Orr
|
0-0: Foul Ball, location: 2F 0-1: Foul Ball, location: 2F 0-2: Ball 1-2: Strikes out swinging
|
Batting: RHB Emílio Bruno
|
0-0: Called Strike 0-1: Ball 1-1: Ground out 6-3 (Groundball, 6)
|
Top of the 9th over - 0 run(s), 0 hit(s), 0 error(s), 1 left on base; San Francisco 2 - Irvine 10 |
|